 Dungeon Crawl Stone Soup version 0.31-a0-1549-g5ff9445e89 (webtiles) character file.

Game seed: 17042850921228795781

4 innerfire43 the Sneak (level 1, 0/13 HPs)
             Began as a Demonspawn Wanderer on Jan 2, 2024.
             Slain by a ball python (1 damage)
             ... on level 1 of the Dungeon.
             The game lasted 00:00:20 (97 turns).

innerfire43 the Sneak (Demonspawn Wanderer)           Turns: 97, Time: 00:00:20

Health: 0/13       AC:  2    Str: 10    XL:     1   Next: 50%
Magic:  2/2        EV:  9    Int: 10    God:
Gold:   0          SH:  0    Dex: 16    Spells: 0/0 levels left

rFire   . . .        a - +0 dagger
rCold   . . .        (no shield)
rNeg    . . .        g - +0 robe
rPois   .            (no helmet)
rElec   .            (no cloak)
rCorr   .            (no gloves)
SInv    .            (no boots)
Will    .....        (no amulet)
Stlth   +++          (no ring)
HPRegen 0.22/turn    (no ring)
MPRegen 0.08/turn

%: no passive effects
@: constricted
A: no striking features
a: no special abilities


You were on level 1 of the Dungeon.
You visited 1 branch of the dungeon, and saw 1 of its levels.

Inventory:

Hand Weapons
 a - a +0 dagger (weapon)
 d - a +0 short sword
Missiles
 b - an atropa-tipped dart (quivered)
 c - 2 datura-tipped darts
Armour
 g - a +0 robe (worn)
Scrolls
 f - a scroll of fog
Potions
 e - a potion of curing
 h - a potion of enlightenment {unknown}


   Skills:
 + Level 1.0 Short Blades
 + Level 1.0 Armour
 + Level 1.0 Dodging
 + Level 4.5 Stealth
 + Level 1.4 Invocations
 + Level 1.1 Evocations


You couldn't memorise any spells.
You didn't know any spells.
Your spell library was empty.

Dungeon Overview and Level Annotations

Branches:
Dungeon (1/15)

Altars:


Message History

A ball python comes into view.
There are monsters nearby!
The ball python hisses angrily.
The rat squeaks loudly.
You hear a shout!
There are monsters nearby!
There are monsters nearby!
You hit the rat.
The rat is heavily wounded.
The rat bites you.
You barely miss the rat.
The rat is heavily wounded.
The rat barely misses you. The ball python bites you.
The ball python grabs you. The ball python constricts you.
You barely miss the ball python. The rat closely misses you.
The ball python bites you. The ball python constricts you.
A ball python comes into view.
There are monsters nearby!
You barely miss the ball python. The rat bites you.
A goblin comes into view. It is wielding a +0 club.
The ball python bites you. The ball python constricts you.
You are too injured to fight recklessly!
You are too injured to fight recklessly!
You are too injured to fight recklessly!
You are too injured to fight recklessly!
The ball python hisses angrily.
You hit the rat.
You kill the rat!
The ball python barely misses you. The ball python constricts you.
You escape the ball python's grasp.
The ball python barely misses you. x2
The ball python bites you.
* * * LOW HITPOINT WARNING * * *
The ball python barely misses you. The ball python barely misses you.
The ball python grabs you. The ball python constricts you.
You escape the ball python's grasp.
The ball python attacks as it pursues you!
The ball python bites you.
* * * LOW HITPOINT WARNING * * *
The ball python grabs you. The ball python constricts you.
The ball python bites you.
You die...

....###.#......
........#+##.##......
....#..).....# ....
## +........## ...
#.........# ..
#.......#.###.#
+.......#.."#.#
#.......###...####
####........@....#
#........S?##+#
#.......Sg.#
#?.........#
..........#
+########.# .. ...
#...


You could see a goblin and 2 ball pythons.

Vanquished Creatures
  An endoplasm (D:1)
  2 kobolds (D:1)
  A rat (D:1)
4 creatures vanquished.

Notes
Turn   | Place    | Note
-------+----------+-------------------------------------------
     0 | D:1      | innerfire43 the Demonspawn Wanderer began the quest for the
                  | Orb.
     0 | D:1      | innerfire43 set off with the following items: a +0 dagger,
                  | an atropa-tipped dart, 2 datura-tipped darts, a +0 short
                  | sword, a potion of curing, a scroll of fog, a +0 robe.
     0 | D:1      | Reached XP level 1. HP: 13/13 MP: 1/1
    97 | D:1      | Slain by a ball python

Illustrated notes

Levels and vault maps discovered:
D:1:      wheals_arrival_linesprint, layout_basic

Action                     || total
---------------------------++-------
  Melee: Dagger            ||    12
         Punch             ||     1
   Stab: Sleeping          ||     2
 Armour: Robe              ||    10
  Dodge: Dodged            ||     9

Table legend: (Time is in decaauts)
 A = Elapsed time spent in this place.
 B = Non-inter-level travel time spent in this place.
 C = Inter-level travel time spent in this place.
 D = Time resting spent in this place.
 E = Time spent auto-exploring this place.
 F = Levels seen in this place.
 G = Mean time per level.
                   A        B        C        D        E       F      G
               +--------+--------+--------+--------+--------+-----+--------+
         Total |     96 |     96 |      0 |      0 |     68 |   1 |   96.0 |
       Dungeon |     96 |     96 |      0 |      0 |     68 |   1 |   96.0 |
               +--------+--------+--------+--------+--------+-----+--------+

Top non-repeatable levels by time:
     D:1: 96 daAuts
